 Dungeon Crawl Stone Soup version 0.31-a0-995-g04711c9635 (webtiles) character file.

Game seed: 10440780961676176111

28 Dirtsage the Trooper (level 3, 29/29 HPs)
             Began as a Demonspawn Berserker on Nov 6, 2023.
             Was a Believer of Trog.
             Quit the game on level 2 of the Dungeon.
             The game lasted 00:01:19 (935 turns).

Dirtsage the Trooper (Demonspawn Berserker)          Turns: 935, Time: 00:01:20

Health: 29/29      AC: 12    Str: 19    XL:     3   Next: 0%
Magic:  3/3        EV:  8    Int:  8    God:    Trog [**....]
Gold:   73         SH:  0    Dex: 12    Spells: 2/2 levels left

rFire   . . .        a - +0 hand axe
rCold   . . .        (no shield)
rNeg    . . .        e - +0 chain mail
rPois   .            (no helmet)
rElec   .            (no cloak)
rCorr   .            (no gloves)
SInv    .            (no boots)
Will    .....        j - amulet of the acrobat Stlth
                     d - +4 ring of protection
HPRegen 0.24/turn    (no ring)
MPRegen 0.08/turn

%: acrobat
@: no status effects
A: demonic guardian 1, demonic magic 1
a: Renounce Religion, Berserk, Trog's Hand


You were on level 2 of the Dungeon.
You worshipped Trog.
Trog was pleased with you.
You visited 1 branch of the dungeon, and saw 2 of its levels.

You collected 73 gold pieces.

Inventory:

Hand Weapons
 a - a +0 hand axe (weapon)
Armour
 b - a +0 animal skin
 e - a +0 chain mail (worn)
Jewellery
 d - a +4 ring of protection (left hand)
 j - an amulet of the acrobat (around neck)
Scrolls
 c - 2 scrolls of identify {unknown}
 f - a scroll of brand weapon {unknown}
 g - a scroll of amnesia {unknown}
 h - a scroll of immolation {unknown}
Potions
 i - a potion of mutation {unknown}


   Skills:
 + Level 3.3 Fighting
 + Level 3.0 Axes
 + Level 2.2 Armour
 + Level 2.1 Dodging


You had 2 spell levels left.
You didn't know any spells.
Your spell library contained the following spells:

 Spells                   Type           Power      Damage    Failure   Level
 Magic Dart               Conj           0%         1d3       98%         1
 Searing Ray              Conj           0%         2d4       99%         2
 Fulminant Prism          Conj/Hex       0%         3d5       100%        4


Dungeon Overview and Level Annotations

Branches:
Dungeon (2/15)

Altars:


Innate Abilities, Weirdness & Mutations

A weak demonic guardian rushes to your aid.
Spells you cast may paralyse adjacent enemies.


Message History

No target in view!
No target in view!
No target in view!
There is a stone staircase leading down here.
You climb downwards.
There is a stone staircase leading up here.
You now have 73 gold pieces (gained 2).
A frilled lizard comes into view.
Found a stone staircase leading down.
The frilled lizard hisses angrily.
The frilled lizard completely misses you.
You hit the frilled lizard.
The frilled lizard is heavily wounded.
The frilled lizard bites you.
You take 1 damage, and have 23/24 hp.
You hit the frilled lizard.
You kill the frilled lizard!
Trog accepts your kill.
No target in view!
HP restored.
You see here a frilled lizard corpse.
Found a stone staircase leading up.
Health restored: 24 No target in view!
A kobold comes into view. It is wielding a +0 short sword.
The kobold shouts!
The kobold hits you but does no damage.
You hit the kobold.
The kobold is moderately wounded.
The kobold closely misses you.
You hit the kobold.
You kill the kobold!
Trog accepts your kill.
You have reached level 3!
Your experience leads to an increase in your attributes!
Increase (s)trength, (i)ntelligence, or (d)exterity?
You feel stronger. x2; Your demonic ancestry asserts itself...
You feel the presence of a demonic guardian.
Health restored: 29; MP restored: 3 Are you sure you want to abandon this character and quit the game? (Confirm with "yes".)

#.#.#.##.#
#.#.#.##.#
#.#.#.##.#
#)#.#†##.# #.
#.#.#.##.#
....#.#.#.##.#
.........>##.#
..<#?#.####.#
#@# #.# #)#
#.# #.# #.#
#$# #.# #.#
#.# #.# #.#
#.# #.# #.#
#<# ###


There were no monsters in sight!

Vanquished Creatures
  A dart slug (D:1)
  3 ball pythons (D:1)
  3 endoplasms (D:1)
  A giant cockroach (D:1)
  A goblin (D:1)
  4 hobgoblins (D:1)
  4 bats (D:1)
  3 frilled lizards
  4 kobolds
  3 rats (D:1)
27 creatures vanquished.

Notes
Turn   | Place    | Note
-------+----------+-------------------------------------------
     0 | D:1      | Dirtsage the Demonspawn Berserker began the quest for the
                  | Orb.
     0 | D:1      | Reached XP level 1. HP: 18/18 MP: 1/1
   206 | D:1      | Gained mutation: Spells you cast may paralyse adjacent
                  | enemies. [demonic ancestry]
   206 | D:1      | Reached XP level 2. HP: 24/24 MP: 2/2
   505 | D:1      | Reached ** piety under Trog
   935 | D:2      | Gained mutation: A weak demonic guardian rushes to your
                  | aid. [demonic ancestry]
   935 | D:2      | Reached XP level 3. HP: 29/29 MP: 3/3
   935 | D:2      | Quit the game

Illustrated notes

Levels and vault maps discovered:
D:1:      dpeg_arrival_simpleton_a, layout_basic
D:2:      layout_basic, dreamdust_ecumenical_altar_drowned_temple

Skill      XL: |  1  2 |
---------------+-------+-----
Armour         | 2 |  2.2
Dodging        | 2 |  2.1
Axes           | 3 |  3.0
Fighting       | |  3.3

Action                     || total
---------------------------++-------
  Melee: Hand axe          ||    68
   Stab: Sleeping          ||     2
 Armour: Animal skin       ||     6
         Chain mail        ||    37
  Dodge: Dodged            ||    33

Table legend: (Time is in decaauts)
 A = Elapsed time spent in this place.
 B = Non-inter-level travel time spent in this place.
 C = Inter-level travel time spent in this place.
 D = Time resting spent in this place.
 E = Time spent auto-exploring this place.
 F = Levels seen in this place.
 G = Mean time per level.
                   A        B        C        D        E       F      G
               +--------+--------+--------+--------+--------+-----+--------+
         Total |    945 |    916 |     29 |      0 |    735 |   2 |  472.5 |
       Dungeon |    945 |    916 |     29 |      0 |    735 |   2 |  472.5 |
               +--------+--------+--------+--------+--------+-----+--------+

Top non-repeatable levels by time:
     D:1: 898 daAuts
     D:2: 47 daAuts
